 Dungeon Sprint DCSS version 0.30-a0-122-g2a1322497e (webtiles) character file.

Game seed: 18134632636027726732

1484 Hubris850 the Martial Artist (level 8, -24/64 HPs)
             Began as a Merfolk Transmuter on Sept 16, 2022.
             Was the Champion of the Shining One.
             Killed from afar by a deep elf pyromancer (55 damage)
             ... with a bolt of fire
             ... in the Dungeon (Sprint VII: "The Pits").
             The game lasted 00:05:13 (937 turns).

Hubris850 the Martial Artist (Merfolk Transmuter)    Turns: 937, Time: 00:05:13

Health: -24/64     AC:  8    Str: 13    XL:     8   Next: 79%
Magic:  12/17      EV: 13    Int: 15    God:    the Shining One [******]
Gold:   0          SH:  0    Dex: 14    Spells: 12/19 levels left

rFire   x . .      SeeInvis .      - Unarmed
rCold   + + +      Faith    .    (shield currently unavailable)
rNeg    + + +      Spirit   .    (body armour currently unavailable)
rPois   +          Reflect  .    (helmet currently unavailable)
rElec   .          Harm     .    (cloak currently unavailable)
rCorr   .          Rampage  .    (gloves currently unavailable)
Will    .....      NoTele   +    (boots currently unavailable)
Stlth   +.........               (no amulet)
HPRegen 0.20/turn                m - +3 ring of strength
MPRegen 0.15/turn                n - +3 ring of evasion

@: ice-form, wereblooded, glowing
A: freezing attack, boosted hp, large, (nimble swimmer 2), (mertail)
a: End Transformation, Renounce Religion, Divine Shield, Cleansing Flame, Summon
Divine Warrior, Brand Weapon With Holy Wrath


You were in the Dungeon.
You worshipped the Shining One.
The Shining One was exalted by your worship.
You were a creature of crystalline ice.
You visited 1 branch

Inventory:

Armour
 a - a +0 robe
 l - a +3 chain mail
 q - a +5 ring mail (melded)
 r - a +0 helmet (melded)
 s - a +0 pair of boots (melded)
Jewellery
 m - a +3 ring of strength (left front paw)
 n - a +3 ring of evasion (right front paw)
Scrolls
 h - a scroll of blinking
 j - 5 scrolls of amnesia
 k - a scroll of summoning
Potions
 b - a potion of lignification
 c - 9 potions of curing
 d - 9 potions of heal wounds
 e - a potion of haste
 f - 4 potions of magic
 g - a potion of berserk rage
 i - 2 potions of invisibility
 o - a potion of might
 p - a potion of brilliance


   Skills:
 - Level 1.1 Fighting
 - Level 2.6 Dodging
 + Level 14.0 Unarmed Combat
 + Level 6.2 Spellcasting
 + Level 8.9 Transmutations
 + Level 6.9 Ice Magic
 - Level 10.0 Invocations


You had 12 spell levels left.
You knew the following spells:

 Your Spells              Type           Power      Damage    Failure   Level
a - Beastly Appendage     Tmut           62%        N/A       1%          1
b - Wereblood             Tmut           31%        N/A       1%          2
c - Ice Form              Ice/Tmut       28%        N/A       5%          4

Your spell library contained the following spells:

 Spells                   Type           Power      Damage    Failure   Level
 Spider Form              Tmut/Pois      18%        N/A       7%          3


Dungeon Overview and Level Annotations

Branches:
Dungeon (1/1)

Altars:
Ashenzari
Cheibriados
Dithmenos
Elyvilon
Fedhas
Gozag
Hepliaklqana
Kikubaaqudgha
Makhleb
Nemelex Xobeh
Okawaru
Qazlal
Ru
Sif Muna
Trog
Uskayaw
Vehumet
Wu Jian
Xom
Yredelemnul
Zin
The Shining One
Jiyva
Lugonu

Annotations:
D Terence


Innate Abilities, Weirdness & Mutations

You are a creature of crystalline ice.
You have a powerful freezing melee attack.
Your maximum health is increased.
Your armour is entirely melded.
You are incapable of wielding weapons or throwing items.
((You are very nimble when in or above water. (Stealth+, EV+, Speed+++)))
((Your lower body shifts to a powerful aquatic tail in water.))


Message History

There is a huge open gate to the Metal Vault (Medium) here.
Casting: Ice Form (dangerous; 12% risk of failure)
Confirm with . or Enter, or press ? or * to list all spells.
Your blood is infused with primal strength.
Casting: Wereblood (safe; 1% risk of failure)
Confirm with . or Enter, or press ? or * to list all spells.
You turn into a creature of crystalline ice.
Your +0 helmet melds into your body.
Your +0 pair of boots melds into your body.
Your +5 ring mail melds into your body.
You open the large door.
Terence, a rat and a deep elf pyromancer come into view.
Terence shouts!
Terence barely misses you.
There is a large open door here.
You hit Terence but do no damage. The rat barely misses you.
Terence hits you but does no damage.
You hit Terence but do no damage. The rat bites you but does no damage.
Terence closely misses you.
You punch Terence! You freeze Terence.
Terence is heavily wounded.
The rat misses you. Terence misses you.
The deep elf pyromancer points at you and mumbles some strange words.
The bolt of fire hits you!!! The fire burns you terribly!
Ouch! That really hurt!
* * * LOW HITPOINT WARNING * * *
You feel much better.
The deep elf pyromancer hits you with a +0 long sword.
The rat barely misses you. Terence misses you.
You hit the deep elf pyromancer but do no damage.
You pummel the deep elf pyromancer!! You freeze the deep elf pyromancer!
The deep elf pyromancer is severely wounded.
The rat closely misses you. Terence barely misses you.
The deep elf pyromancer barely misses you.
You hit the deep elf pyromancer. You freeze the deep elf pyromancer.
The deep elf pyromancer is severely wounded.
The deep elf pyromancer points at you and mumbles some strange words.
The bolt of fire hits you!!! The fire burns you terribly!
Ouch! That really hurt!
You die...

....'................+
#####......#..#......#
#.[##................#
#))#####'#####''######
#))##.......##''#####
#))##.......##......#
#..##.......##......#
#'###...<...###....##
...##.......# ##Y'##
...##.......# #r@e.#
#####.......##......#
#.. ##########......+
#.############......#
#รท#....#..[.###....##
#'#)...#....# ##++##
#.))...'..))#
#)#....#..))#


You could see a deep elf pyromancer, Terence and a rat.

Vanquished Creatures
  A molten gargoyle (D)
  A komodo dragon (D)
  A fire bat (D)
  A water moccasin (D)
  3 floating eyes (D)
  A sky beast (D)
  5 wights (D)
  An iguana (D)
  A gnoll (D)
  2 ufetubi (D)
  An adder skeleton (D)
  An endoplasm (D)
  A giant cockroach (D)
  2 goblins (D)
  2 hobgoblins (D)
  2 ball python skeletons (D)
  3 rats (D)
29 creatures vanquished.

Notes
Turn   | Place    | Note
-------+----------+-------------------------------------------
     0 | D        | Hubris850 the Merfolk Transmuter began the quest for the
                  | Orb.
     0 | D        | Reached XP level 1. HP: 15/15 MP: 3/3
    37 | D        | Found a bloodstained altar of Trog.
    37 | D        | Found a shimmering blue altar of Sif Muna.
    37 | D        | Found a viscous altar of Jiyva.
    37 | D        | Found a hazy altar of Hepliaklqana.
    37 | D        | Found an opulent altar of Gozag.
    38 | D        | Found a glowing golden altar of the Shining One.
    38 | D        | Found a glowing silver altar of Zin.
    38 | D        | Found a basalt altar of Yredelemnul.
    38 | D        | Found a shimmering altar of Xom.
    38 | D        | Found an ornate altar of the Wu Jian Council.
    38 | D        | Found a sacrificial altar of Ru.
    38 | D        | Found a stormy altar of Qazlal.
    38 | D        | Found an iron altar of Okawaru.
    38 | D        | Found a sparkling altar of Nemelex Xobeh.
    38 | D        | Found a burning altar of Makhleb.
    38 | D        | Found a blossoming altar of Fedhas.
    38 | D        | Found a white marble altar of Elyvilon.
    38 | D        | Found a shadowy altar of Dithmenos.
    38 | D        | Found a snail-covered altar of Cheibriados.
    39 | D        | Found a radiant altar of Vehumet.
    39 | D        | Found a corrupted altar of Lugonu.
    40 | D        | Found an ancient bone altar of Kikubaaqudgha.
    40 | D        | Found a hide-covered altar of Uskayaw.
    40 | D        | Found a broken altar of Ashenzari.
    50 | D        | Became a worshipper of the Shining One
    64 | D        | Reached skill level 1 in Ice Magic
    68 | D        | Reached * piety under the Shining One
    76 | D        | Reached XP level 2. HP: 17/21 MP: 3/5
    82 | D        | HP: 1/31 [gnoll/+0 spear (8)]
    84 | D        | Reached skill level 4 in Unarmed Combat
   361 | D        | Noticed a floating eye
   361 | D        | Reached ** piety under the Shining One
   365 | D        | Paralysed by a floating eye for 4 turns
   371 | D        | Killed a floating eye
   372 | D        | Reached skill level 6 in Unarmed Combat
   372 | D        | Reached XP level 3. HP: 26/26 MP: 7/9
   372 | D        | Reached XP level 4. HP: 32/32 MP: 7/10
   372 | D        | Reached XP level 5. HP: 37/37 MP: 7/11
   375 | D        | Noticed a floating eye
   380 | D        | Killed a floating eye
   381 | D        | Reached skill level 7 in Unarmed Combat
   381 | D        | Reached skill level 5 in Spellcasting
   387 | D        | Reached XP level 6. HP: 21/43 MP: 8/14
   543 | D        | Learned a level 2 spell: Wereblood
   548 | D        | Learned a level 4 spell: Ice Form
   597 | D        | Noticed a floating eye
   597 | D        | Reached *** piety under the Shining One
   599 | D        | Paralysed by a floating eye for 2 turns
   604 | D        | Paralysed by a floating eye for 4 turns
   609 | D        | Killed a floating eye
   622 | D        | Noticed a water moccasin
   623 | D        | Reached **** piety under the Shining One
   626 | D        | Killed a water moccasin
   627 | D        | Reached skill level 9 in Unarmed Combat
   627 | D        | Reached skill level 5 in Invocations
   629 | D        | Reached XP level 7. HP: 48/48 MP: 10/16
   642 | D        | Noticed a molten gargoyle
   644 | D        | Killed a molten gargoyle
   645 | D        | Reached skill level 10 in Unarmed Combat
   647 | D        | Noticed a fire bat
   647 | D        | Reached ***** piety under the Shining One
   652 | D        | Killed a fire bat
   653 | D        | Reached skill level 11 in Unarmed Combat
   653 | D        | Reached XP level 8. HP: 51/54 MP: 13/17
   659 | D        | Noticed a komodo dragon
   659 | D        | Reached ****** piety under the Shining One
   665 | D        | Reached skill level 12 in Unarmed Combat
   670 | D        | Killed a komodo dragon
   671 | D        | Reached skill level 13 in Unarmed Combat
   671 | D        | Reached skill level 10 in Invocations
   679 | D        | Reached skill level 14 in Unarmed Combat
   929 | D        | Noticed Terence
   929 | D        | Noticed a deep elf pyromancer
   937 | D        | Killed from afar by a deep elf pyromancer

Illustrated notes

Levels and vault maps discovered:
D:        pitsprint [storerooms_1, entrance_room_1, metal_vault_2, armoury_2,
          mini_pit_1, grid_room_1, main_hall_1, silver_pit, the_coven_1,
          the_vestibule_1, steel_vault_4, golden_pit, hallway_of_sentries,
          crystal_vault_2, iron_vault_4, final_vault]

Skill      XL: |  1  2  3  4  5  6  7  8 |
---------------+-------------------------+-----
Transmutations | 3 6 8 |  8.9
Ice Magic      | 1 4 6 |  6.9
Unarmed Combat | 6 7 9 11 14 | 14.0
Spellcasting   | 4 5 6 |  6.2
Invocations    | 5 8 10 | 10.0
Fighting       | |  1.1
Dodging        | |  2.6

Action                   |  1- 3 |  4- 6 |  7- 9 || total
-------------------------+-------+-------+-------++-------
Melee: Unarmed           |    20 |    24 |    31 ||    75
       Punch             |     2 |       |       ||     2
 Cast: Ice Form          |       |     1 |     2 ||     3
       Wereblood         |       |     1 |     2 ||     3
  Use: Potion            |     1 |       |     2 ||     3
Armor: Robe              |     1 |     3 |       ||     4
       Skin              |       |     2 |     5 ||     7
Dodge: Dodged            |     7 |    18 |    22 ||    47

Table legend: (Time is in decaauts)
 A = Elapsed time spent in this place.
 B = Non-inter-level travel time spent in this place.
 C = Inter-level travel time spent in this place.
 D = Time resting spent in this place.
 E = Time spent auto-exploring this place.
 F = Levels seen in this place.
 G = Mean time per level.
                   A        B        C        D        E       F      G
               +--------+--------+--------+--------+--------+-----+--------+
         Total |    945 |    945 |      0 |    566 |      0 |   1 |  945.0 |
       Dungeon |    945 |    945 |      0 |    566 |      0 |   1 |  945.0 |
               +--------+--------+--------+--------+--------+-----+--------+

Top non-repeatable levels by time:
       D: 945 daAuts
